 Dungeon Crawl Stone Soup version 0.30-a0-743-gbfdf073431 (webtiles) character file.

Game seed: 4299064453989712783

231 ryw the Chopper (level 6, 0/53 HPs)
             Began as a Hill Orc Berserker on Feb 6, 2023.
             Was a Believer of Trog.
             Slain by an orc wizard
             ... wielding a +0 dagger
              (2 damage)
             ... on level 4 of the Dungeon.
             The game lasted 00:04:43 (2603 turns).

ryw the Chopper (Hill Orc Berserker)                Turns: 2603, Time: 00:04:43

Health: 0/53       AC:  7    Str: 19 (22) XL:     6   Next: 3%
Magic:  6/6        EV:  9    Int:  6 (7)  God:    Trog [**....]
Gold:   184        SH:  3    Dex:  7 (10) Spells: 5/5 levels left

rFire   . . .      SeeInvis .    m - +4 flail
rCold   . . .      Faith    .    g - +0 buckler
rNeg    . . .      Spirit   .    f - +0 scale mail
rPois   .          Reflect  .    p - +1 hat
rElec   .          Harm     .    (no cloak)
rCorr   .          Rampage  .    (no gloves)
Will    .....                    (no boots) Stlth
                                 (no amulet)
HPRegen 0.28/turn                (no ring)
MPRegen 0.10/turn                (no ring)

@: on berserk cooldown, slowed, very slow
A: no striking features
a: Renounce Religion, Berserk, Trog's Hand


You were on level 4 of the Dungeon.
You worshipped Trog.
Trog was pleased with you.
You visited 1 branch of the dungeon, and saw 4 of its levels.

You collected 184 gold pieces.

Inventory:

Hand Weapons
 m - a +4 flail (weapon)
Armour
 f - a +0 scale mail (worn)
 g - a +0 buckler (worn)
 p - a +1 hat (worn)
Wands
 q - a wand of light (13)
Scrolls
 a - a scroll of teleportation {unknown}
 b - a scroll of enchant armour {unknown}
 c - 2 scrolls of magic mapping {unknown}
 d - a scroll of noise {unknown}
 e - 3 scrolls of identify {unknown}
 h - a scroll of immolation {unknown}
 j - 2 scrolls of poison {unknown}
 k - a scroll of vulnerability {unknown}
 n - a scroll of fog {unknown}
 r - a scroll of blinking {unknown}
 s - a scroll of enchant weapon {unknown}
Potions
 o - a potion of curing {unknown}


   Skills:
 + Level 4.7 Fighting
 * Level 6.3 Axes
 + Level 3.4 Armour
 + Level 2.0 Dodging
 + Level 2.0 Shields


You had 5 spell levels left.
You didn't know any spells.
Your spell library was empty.

Dungeon Overview and Level Annotations

Branches:
Dungeon (4/15)
 Temple: D:4-7

Altars:
Uskayaw

Annotations:
D:3 1 transporter, osoart's ghost, amateur AtFi


Message History

A puff of flame appears from out of thin air!
The puff of flame hits you!
You hear some strange, mumbled words.
A puff of flame appears from out of thin air!
The puff of flame hits you.
You closely miss something.
You are no longer berserk.
You are exhausted.
You feel yourself slow down.
Something hits you but does no damage. x2
You miss something.
You hear some strange, mumbled words.
Something tries to affect you, but you resist.
Something hits you but does no damage. Something hits you.
Something hits you but does no damage.
You sock something!
You hear some strange, mumbled words.
A magic dart appears from out of thin air!
The magic dart hits you!
* * * LOW HITPOINT WARNING * * *
Something hits you.
* * * LOW HITPOINT WARNING * * *
Something hits you.
* * * LOW HITPOINT WARNING * * *
Something hits you.
* * * LOW HITPOINT WARNING * * *
It was a potion of degeneration.
There was something very wrong with that liquid.
You feel weakened.
You feel dopey.
You feel clumsy.
An orc wizard appears from thin air!
Reactivating autopickup.
The orc wizard mumbles some strange words.
The orc wizard flickers and vanishes!
Deactivating autopickup; reactivate with Ctrl-A.
Something hits you but does no damage.
It was a potion of magic.
Magic courses through your body. Something hits you.
* * * LOW HITPOINT WARNING * * *
Something hits you.
* * * LOW HITPOINT WARNING * * *
Something hits you.
You die...

....^.....# #########.#
.### #.# ..... ###.######
......#### #........#
.......).# #........#
.......#.####........#
.......#.{...........######
.......#.{@†...............
.#####.#.####.)......######
...................>..
#.#..#.#####.###....#.
#.#..#.#.....# #...... #
#..# #.##########>.. #$
#........).....
##########..†## #.....(


There were no monsters in sight!

Vanquished Creatures
  A necrophage (D:4)
  An orc priest (D:3)
  Terence (D:2)
  4 adders
  A dart slug (D:1)
  10 orcs
  6 ball pythons
  6 endoplasms
  2 giant cockroaches
  4 goblins
  3 hobgoblins
  8 jackals
  3 quokkas
  3 bats
  2 frilled lizards
  4 kobolds
  4 rats
63 creatures vanquished.

Notes
Turn   | Place    | Note
-------+----------+-------------------------------------------
     0 | D:1      | ryw the Hill Orc Berserker began the quest for the Orb.
     0 | D:1      | Reached XP level 1. HP: 19/19 MP: 1/1
   191 | D:1      | Reached XP level 2. HP: 27/27 MP: 2/2
   436 | D:1      | Reached XP level 3. HP: 22/33 MP: 3/3
   606 | D:1      | Reached ** piety under Trog
  1044 | D:2      | Noticed Terence
  1063 | D:2      | Killed Terence
  1064 | D:2      | Reached skill level 5 in Axes
  1064 | D:2      | Reached XP level 4. HP: 40/40 MP: 4/4
  1572 | D:3      | Found a faded altar of an unknown god.
  1628 | D:3      | Reached skill level 1 in Shields
  1710 | D:3      | Reached XP level 5. HP: 47/47 MP: 5/5
  1739 | D:3      | Found a transporter.
  1742 | D:3      | Noticed osoart's ghost (amateur AtFi)
  2062 | D:3      | Found a hide-covered altar of Uskayaw.
  2525 | D:4      | Reached skill level 6 in Axes
  2525 | D:4      | Reached XP level 6. HP: 49/53 MP: 6/6
  2603 | D:4      | HP: 2/53 [something (1)]
  2603 | D:4      | Slain by an orc wizard

Illustrated notes

Levels and vault maps discovered:
D:1:      lightli_molten_gateway, layout_basic, minivault_4,
          chequers_decorated_corner
D:2:      layout_loops_ring, minmay_octomino_j4, uniq_terence
D:3:      layout_loops_ring, nicolae_uskayaw_murder_on_the_dancefloor,
          shapermc_ecumenical_altar_totnotflames, gammafunk_ghost_mausoleum,
          minmay_misc_feat_ornament
D:4:      layout_basic, serial_shops, kennysheep_mini_moat, grunt_tough_drop

Skill      XL: |  1  2  3  4  5 |
---------------+----------------+-----
Fighting       | 4 |  4.7
Dodging        | 2 |  2.0
Axes           | 5 6 |  6.3
Armour         | 3 |  3.4
Shields        | 1 2 |  2.0

Action                     |  1- 3 |  4- 6 || total
---------------------------+-------+-------++-------
  Melee: Hand axe          |    98 |    14 ||   112
         Flail             |       |    85 ||    85
 Invoke: Berserk           |     3 |     2 ||     5
         Trog's Hand       |     1 |     2 ||     3
    Use: Potion            |       |     2 ||     2
 Armour: Animal skin       |     9 |       ||     9
         Scale mail        |    15 |    39 ||    54
  Dodge: Dodged            |    62 |    40 ||   102
  Block: Buckler           |       |    10 ||    10

Table legend: (Time is in decaauts)
 A = Elapsed time spent in this place.
 B = Non-inter-level travel time spent in this place.
 C = Inter-level travel time spent in this place.
 D = Time resting spent in this place.
 E = Time spent auto-exploring this place.
 F = Levels seen in this place.
 G = Mean time per level.
                   A        B        C        D        E       F      G
               +--------+--------+--------+--------+--------+-----+--------+
         Total |   2672 |   2600 |     72 |     86 |   1970 |   4 |  668.0 |
       Dungeon |   2672 |   2600 |     72 |     86 |   1970 |   4 |  668.0 |
               +--------+--------+--------+--------+--------+-----+--------+

Top non-repeatable levels by time:
     D:1: 994 daAuts
     D:3: 861 daAuts
     D:2: 596 daAuts
     D:4: 219 daAuts
